AoeStats
← fmromerocarmona

Nomad

510059897Analyzed
4v4 RM · 4d ago on Sep 29, 2026· 44m 34s· 8 players
Game mode
Random Map
Map size
231×231
Population
200
Speed
Normal
Resources
Standard
Victory
Conquest
Starting age
Dark Age
Ending age
Imperial Age
RankedLock teamsTeams togetherTeam positionsShared explorationLock speedFull tech treeHidden civsTurbo modeCheats
Victory
Defeat
🇨🇳 Huns · China
845
+16
🇨🇳 Huns · China
807
+17
🇺🇸 Maya · United States
698
+21
🇨🇳 Celts · China
693
+21
🇪🇸 Spanish · Spain
864
-20
🇺🇸 Lithuanians · United States
857
-20
🇻🇳 Huns · Vietnam
810
-18
🇫🇷 Britons · France
784
-17
강해린
3:18 Loom
12:58 Feudal Age
13:37 Double-Bit Axe
18:04 Horse Collar
27:13 Castle Age
26:30 Bloodlines
26:52 Stone Mining
26:53 Gold Mining
27:40 Wheelbarrow
28:12 Bow Saw
29:28 Scale Barding Armor
29:34 Forging
31:52 Husbandry
35:50 Hand Cart
40:09 Town Watch
Rdal4
3:51 Loom
15:33 Feudal Age
19:43 Arson
19:19 Man-at-Arms
25:46 Castle Age
26:40 Husbandry
26:57 Gambesons
26:33 Long Swordsman
31:42 Gold Mining
31:42 Stone Mining
32:36 Town Watch
35:20 Scale Mail Armor
35:10 Fletching
35:34 Forging
35:31 Scale Barding Armor
35:57 Squires
fmromerocarmona
3:26 Loom
15:17 Feudal Age
20:11 Double-Bit Axe
23:27 Castle Age
24:07 Wheelbarrow
24:10 Horse Collar
24:23 Gold Mining
28:02 Padded Archer Armor
30:02 Husbandry
30:13 Bloodlines
30:50 Bow Saw
31:25 Heavy Plow
38:46 Imperial Age
37:30 Pikeman
37:56 Gambesons
38:11 Squires
37:57 Arson
38:25 Forging
38:16 Scale Mail Armor
38:41 Town Watch
39:43 Iron Casting
38:59 Fletching
39:59 Murder Holes
41:05 Chemistry
40:17 Masonry
LE MINH NHAT
20:18 Feudal Age
22:36 Double-Bit Axe
26:57 Stone Mining
27:01 Gold Mining
29:50 Castle Age
27:52 Fishing Lines
35:06 Gillnets
36:47 Wheelbarrow
39:40 Hand Cart
40:04 Bow Saw
40:50 Marauders
41:34 Gold Shaft Mining
46:29 Imperial Age
Dora Explora
10:12 Loom
13:20 Feudal Age
14:03 Double-Bit Axe
17:36 Wheelbarrow
18:04 Horse Collar
21:12 Gold Mining
24:02 Fletching
25:42 Padded Archer Armor
26:02 Stone Mining
32:02 Castle Age
32:19 Crossbowman
33:37 Bow Saw
33:27 Heavy Plow
34:59 Crossbowman
42:50 Hand Cart
1279332839
5:34 Loom
18:32 Feudal Age
19:30 Fishing Lines
25:00 Castle Age
24:43 Double-Bit Axe
25:38 Bloodlines
26:43 Husbandry
26:04 Light Cavalry
27:13 Scale Barding Armor
27:19 Forging
27:26 Bow Saw
28:25 Gold Mining
28:25 Stone Mining
29:00 Gillnets
31:45 Wheelbarrow
30:56 Town Watch
34:19 Iron Casting
35:17 Gold Shaft Mining
36:44 Pikeman
37:25 Squires
37:10 Arson
38:57 Chain Barding Armor
39:20 Scale Mail Armor
42:37 Imperial Age
41:01 Chain Mail Armor
43:43 Marauders
43:50 Halberdier
43:58 Hussar
45:18 Plate Barding Armor
45:02 Hand Cart
44:49 Town Patrol
44:14 Capped Ram
卢本伟
4:37 Loom
14:01 Feudal Age
18:44 Castle Age
17:27 Double-Bit Axe
17:43 Fishing Lines
20:45 Wheelbarrow
22:14 Bow Saw
22:49 Horse Collar
24:52 Hand Cart
30:44 Imperial Age
28:30 Gold Mining
28:32 Stone Mining
30:30 Heavy Plow
31:43 Gold Shaft Mining
31:17 Marauders
31:42 Elite Tarkan
32:38 Bloodlines
32:29 Husbandry
34:08 Two-Man Saw
34:07 Forging
34:03 Scale Barding Armor
34:51 Scale Barding Armor
35:53 Iron Casting
39:10 Blast Furnace
38:34 Chain Barding Armor
板蓝根
17:31 Loom
21:33 Feudal Age
21:58 Man-at-Arms
23:56 Fishing Lines
24:35 Double-Bit Axe
26:33 Fletching
33:11 Castle Age
32:38 Stone Mining
37:28 Wheelbarrow
36:47 Gillnets
39:44 Bow Saw
Connection lost

Rejoining the realm…

Still unreachable

The connection could not be restored.

Session expired

The server has moved on; the page needs a fresh start.